 Dungeon Crawl Stone Soup version 0.31.0-32-g396128a36d (webtiles) character file.

Game seed: 2111941750019082259

1836 spaghetti the Covert (level 8, -2/45 HPs)
             Began as a Deep Elf Berserker on Mar 22, 2024.
             Was a Believer of Trog.
             Slain by a killer bee (4 damage)
             ... on level 8 of the Dungeon.
             The game lasted 00:10:01 (5164 turns).

spaghetti the Covert (Deep Elf Berserker)           Turns: 5164, Time: 00:10:02

Health: -2/45      AC:  3    Str: 14    XL:     8   Next: 87%
Magic:  0/10       EV: 12    Int: 13    God:    Trog [**....]
Gold:   213        SH:  0    Dex: 16    Spells: 7/7 levels left

rFire   + . .        a - +7 longbow (heavy)
rCold   . . .        (shield currently unavailable)
rNeg    . . .        j - +0 animal skin
rPois   .            (no helmet)
rElec   .            g - +0 cloak
rCorr   +            (no gloves)
SInv    .            (no boots)
Will    .....        d - amulet of guardian spirit
Stlth   +++++        t - ring of resist corrosion
HPRegen 0.27/turn    p - ring of protection from fire
MPRegen 0.12/turn

%: guardian spirit
@: lethally poisoned (-2 -> -14), about to teleport
A: no striking features
a: Renounce Religion, Berserk, Trog's Hand


You were on level 8 of the Dungeon.
You worshipped Trog.
Trog was pleased with you.
You visited 1 branch of the dungeon, and saw 8 of its levels.

You collected 422 gold pieces.
You spent 209 gold pieces at shops.

Inventory:

Hand Weapons
 a - a +7 heavy longbow (weapon)
 b - a +1 dagger of protection
 u - a +0 short sword
Armour
 g - a +0 cloak (worn)
 j - a +0 animal skin (worn)
Jewellery
 d - an amulet of guardian spirit (around neck)
 e - an amulet of regeneration
 p - a ring of protection from fire (right hand)
 t - a ring of resist corrosion (left hand)
Wands
 o - a wand of flame (10)
Scrolls
 f - 2 scrolls of revelation
 h - 3 scrolls of identify
 l - 2 scrolls of amnesia
 m - a scroll of poison
 n - a scroll of enchant armour
 q - 2 scrolls of fog
Potions
 c - a potion of might
 k - a potion of ambrosia
 r - a potion of berserk rage
 s - a potion of curing


   Skills:
 - Level 2.4 Fighting
 - Level 3.0(5.9) Short Blades
 + Level 7.3(7.6) Long Blades
 - Level 1.5 Armour
 - Level 2.4 Dodging
 + Level 10.5 Stealth


You had 7 spell levels left.
You didn't know any spells.
Your spell library was empty.

Dungeon Overview and Level Annotations

Branches:
Dungeon (9/15)
 Temple: D:4-7         Lair: D:8-11         Orc: D:9-12

Altars:
Fedhas
Gozag
Hepliaklqana
Nemelex Xobeh
Sif Muna
Uskayaw
Vehumet
The Shining One

Shops:
D:1 *   D:6 (


Message History

Key pressed, stopping explore.
Done exploring.
Done exploring.
Done exploring.
Done exploring.
There is a stone staircase leading down here.
You climb downwards.
Found a ring mail.
There is a stone staircase leading up here.
There are monsters nearby!
You shoot an arrow.
The arrow hits the killer bee but does no damage.
The killer bee buzzes angrily. x2
The killer bee stings you. x3
You are poisoned.
The killer bee poisons you! The killer bee misses you.
The killer bee closely misses you. The killer bee stings you!
The killer bee closely misses you. The killer bee stings you. x2
You are more poisoned.
The killer bee poisons you!
You feel very sick. The killer bee closely misses you.
The killer bee stings you! The killer bee stings you.
* * * LOW HITPOINT WARNING * * *
The killer bee misses you. The killer bee barely misses you.
The killer bee closely misses you.
You climb upwards.
* * * LOW HITPOINT WARNING * * *
You feel very sick.
There is a stone staircase leading down here.
As you read the scroll of teleportation, it crumbles to dust.
You feel strangely unstable.
* * * LOW HITPOINT WARNING * * *
You feel sick. The killer bee misses you. The killer bee stings you.
* * * LOW HITPOINT WARNING * * *
The killer bee stings you.
* * * LOW HITPOINT WARNING * * *
You are more poisoned.
The killer bee poisons you! The killer bee stings you.
You die...

#....†...†.#
#........#.#
#.>.####.#.#
#...#
#.#.##########
#####
#............#
###..........#
#.....)....#
#....yyy...#
#####.....@....#
#..............#
#..............#
#......#########
#......#
#......#
#......#
########


You could see 3 killer bees.

Vanquished Creatures
  Sigmund (D:2)
  A wyvern (D:8)
  2 orc warriors (D:8)
  A black bear (D:5)
  A sky beast (D:6)
  A centaur (D:6)
  A kobold brigand (D:8)
  2 scorpions
  3 howler monkeys (D:8)
  2 bombardier beetles (D:3)
  A hound (D:4)
  4 orc priests
  Terence (D:3)
  A sleepcap (D:8)
  Jessica (D:2)
  4 iguanas
  8 orc wizards
  8 adders
  A dart slug (D:4)
  3 ribbon worms
  22 orcs
  4 ball pythons
  7 bats
  7 endoplasms
  4 giant cockroaches
  5 goblins
  8 hobgoblins
  10 jackals
  5 quokkas
  3 frilled lizards
  6 kobolds
  7 rats
135 creatures vanquished.

Notes
Turn   | Place    | Note
-------+----------+-------------------------------------------
     0 | D:1      | spaghetti the Deep Elf Berserker began the quest for the
                  | Orb.
     0 | D:1      | Reached XP level 1. HP: 13/13 MP: 3/3
    14 | D:1      | Found Lyulusuh's General Store.
   169 | D:1      | Reached skill level 1 in Stealth
   378 | D:1      | Reached skill level 1 in Long Blades
   378 | D:1      | Reached XP level 2. HP: 18/18 MP: 4/4
   543 | D:1      | Reached skill level 2 in Stealth
   807 | D:1      | Reached XP level 3. HP: 21/22 MP: 2/5
   984 | D:1      | Reached ** piety under Trog
  1061 | D:2      | Noticed Jessica
  1063 | D:2      | Found a faded altar of an unknown god.
  1069 | D:2      | Killed Jessica
  1070 | D:2      | Reached skill level 3 in Stealth
  1070 | D:2      | Reached XP level 4. HP: 27/27 MP: 4/6
  1437 | D:2      | Noticed Sigmund
  1447 | D:2      | Killed Sigmund
  1448 | D:2      | Reached skill level 5 in Stealth
  1448 | D:2      | Reached XP level 5. HP: 31/31 MP: 4/7
  1892 | D:3      | Reached XP level 6. HP: 36/36 MP: 5/8
  2081 | D:3      | Noticed Terence
  2096 | D:3      | Killed Terence
  2573 | D:3      | Reached skill level 6 in Stealth
  2996 | D:4      | Reached XP level 7. HP: 21/40 MP: 5/9
  3300 | D:4      | Reached skill level 7 in Stealth
  3519 | D:5      | Entered Level 5 of the Dungeon
  3598 | D:5      | Reached skill level 5 in Long Blades
  3838 | D:5      | Found a radiant altar of Vehumet.
  3838 | D:5      | Found an opulent altar of Gozag.
  3838 | D:5      | Found a glowing golden altar of the Shining One.
  3838 | D:5      | Found a sparkling altar of Nemelex Xobeh.
  3846 | D:5      | Found a hazy altar of Hepliaklqana.
  3846 | D:5      | Found a blossoming altar of Fedhas.
  3893 | D:5      | Found a shimmering blue altar of Sif Muna.
  3936 | D:5      | Found a hide-covered altar of Uskayaw.
  4136 | D:6      | Found Vuwn's Antique Weapon Emporium.
  4141 | D:6      | Bought a runed longbow for 209 gold pieces
  4165 | D:6      | Reached skill level 8 in Stealth
  4234 | D:6      | HP: 1/60 [sky beast (4)]
  4243 | D:6      | HP: 1/60 [sky beast (6)]
  4268 | D:6      | Reached XP level 8. HP: 5/45 MP: 0/10
  4403 | D:6      | You fall into a shaft and drop 2 floors!
  4433 | D:8      | Reached skill level 9 in Stealth
  4799 | D:8      | Reached skill level 10 in Stealth
  5164 | D:8      | HP: 2/45 [killer bee (3)]
  5164 | D:8      | Slain by a killer bee

Illustrated notes

Levels and vault maps discovered:
D:1:      lightli_iron_boxes, layout_loops_cross, serial_shops, shop_coins,
          nicolae_hexahallways, grunt_decor_junction
D:2:      layout_basic, hellmonk_ecumenical_altar_run_dry, nrook_mini_backslash,
          uniq_jessica, uniq_sigmund
D:3:      layout_loops_ring, uniq_terence
D:4:      layout_cave_pools, minmay_a_box_with_orc_wizards_in_it
D:5:      layout_rooms, lemuel_tele_altar, kennysheep_mini,
          minmay_overflow_temple_hex
D:6:      minmay_spotlight, layout_loops_ring, nicolae_ru_path_of_blood,
          minmay_temple_entry_butterflies, serial_shops, shop_fountains,
          st_stairs_14, uniq_jeremiah
D:8:      layout_basic, kennysheep_generic_room_13
D:9:      layout_cave_pools, hellmonk_lair_entry_icy, nrook_loot_triangle,
          minmay_fire_ice_demons

Skill      XL: |  1  2  3  4  5  6  7  8 |
---------------+-------------------------+-----
Stealth        | 1 2 3 5 6 8 10 | 10.5
Long Blades    | 1 2 3 4 6 7 |  7.3
Fighting       | |  2.4
Short Blades   | |  3.0
Armour         | |  1.5
Dodging        | |  2.4

Action                     |  1- 3 |  4- 6 |  7- 9 || total
---------------------------+-------+-------+-------++-------
  Melee: Short sword       |    94 |   108 |       ||   202
         Punch             |     1 |     4 |     1 ||     6
         Dagger            |       |   139 |   206 ||   345
   Fire: Longbow           |       |       |    46 ||    46
 Invoke: Berserk           |     3 |     8 |     9 ||    20
         Trog's Hand       |       |     5 |     5 ||    10
    Use: Potion            |       |    10 |     4 ||    14
         Scroll            |       |    11 |     9 ||    20
   Stab: Sleeping          |    10 |    14 |     3 ||    27
 Armour: Animal skin       |    55 |   166 |   180 ||   401
         Skin              |       |       |    15 ||    15
  Dodge: Dodged            |    62 |    95 |   159 ||   316
